 Dungeon Sprint DCSS version 0.27-a0-1416-g941b2bd30b (webtiles) character file.

Game seed: 8933625938227471707

5700000 tygod the Conqueror (level 27, -6/266 HPs)
             Began as a Palentonga Abyssal Knight on July 2, 2021.
             Was the Champion of Lugonu.
             Killed by divine providence
             ... invoked by an accursed
              (14 damage)
             ... in the Dungeon (Sprint VIII: "Arena of Blood").
             The game lasted 00:05:21 (57 turns).

tygod the Conqueror (Palentonga Abyssal Knight)       Turns: 57, Time: 00:05:22

Health: -6/266     AC: 15    Str: 25    XL:     27
Magic:  20/45      EV: 20    Int: 14    God:    Lugonu [******]
Gold:   0          SH:  0    Dex: 12    Spells: 63/63 levels left

rFire    . . .     SeeInvis +   i - +∞ Axe of Woe
rCold    . . .     Faith    .   (shield currently unavailable)
rNeg     . . .     Spirit   .   b - +0 leather armour
rPois    .         Reflect  .   (no helmet)
rElec    .         Harm     .   (no cloak)
rCorr    .         Rampage  .   (no gloves)
Will     ++...     NoTele   +   (no barding)
Stlth    +++++++++.             (no amulet)
HPRegen  0.54/turn              (no ring)
MPRegen  0.29/turn              (no ring)

@: curled up
A: large, rugged brown scales 3, see invisible, deformed body, roll 1, armoured
tail, reflexive curl
a: Rolling Charge, Renounce Religion, Bend Space, Banish, Corrupt


You were in the Dungeon.
You worshipped Lugonu.
Lugonu was exalted by your worship.
You visited 1 branch

Inventory:

Hand Weapons
 a - a +3 hand axe of distortion
 i - the +∞ Axe of Woe (weapon)
   (You found it in the Dungeon)
Armour
 b - a +0 leather armour (worn)
Potions
 c - a potion of curing
 e - a potion of haste
 f - a potion of magic
 g - a potion of berserk rage


   Skills:
 O Level 27 Fighting
 + Level 20.1(22.7) Short Blades
 + Level 19.3(22.3) Long Blades
 O Level 27 Axes
 + Level 20.1(27) Maces & Flails
 + Level 18.7(25.8) Polearms
 + Level 20.2(25.4) Staves
 + Level 16.1(18.6) Slings
 + Level 17.3 Bows
 + Level 17.4 Crossbows
 + Level 16.1(18.6) Throwing
 O Level 27 Armour
 O Level 27 Dodging
 O Level 27 Stealth
 + Level 17.3 Shields
 + Level 20.1 Unarmed Combat
 + Level 18.6 Spellcasting
 + Level 19.9 Conjurations
 + Level 20.1 Hexes
 + Level 17.4 Summonings
 + Level 20.0 Necromancy
 + Level 20.0 Translocations
 + Level 20.0 Transmutations
 + Level 17.4 Fire Magic
 + Level 17.4 Ice Magic
 + Level 17.3 Air Magic
 + Level 19.9 Earth Magic
 + Level 18.6 Poison Magic
 O Level 27 Invocations
 + Level 19.9 Evocations


You had 63 spell levels left.
You didn't know any spells.
Your spell library was empty.

Dungeon Overview and Level Annotations

Branches:
Dungeon (1/1)

Altars:
Makhleb

Annotations:
D corrupted


Innate Abilities, Weirdness & Mutations

You are completely covered in rugged brown scales. (AC +3, +7% HP)
You have supernaturally acute eyesight. (SInv)
Armour fits poorly on your strangely shaped body.
You can roll at nearby foes to attack.
You have a long armoured tail.
You curl defensively after being hit.


Message History

You hear a shout! x3
The meat berserker rages.
The accursed casts a spell at you. Something smites you!
* * * LOW HITPOINT WARNING * * *
A bag of meat comes into view. It is wielding a +9 war axe.
The destroyer blinks!
Your base Maces & Flails skill increases to level 20!
Your Unarmed Combat skill increases to level 20!
Your Hexes skill increases to level 20!
Your Necromancy skill increases to level 20!
Your Translocations skill increases to level 20!
Your Transmutations skill increases to level 20!
Unknown command.
Lugonu's Hand of Corruption reaches out!
You hear a shout! x4
The accursed gestures at you while chanting.
Something smites you!
* * * LOW HITPOINT WARNING * * *
You hear a shout! x8
Unknown command.
Unknown command.
Unknown command.
Blink to where?
Press: ? - help, Dir - move target
As you read the scroll of blinking, it crumbles to dust. 5 orcs, 4 ogres, a vampire knight, a skeletal warrior and a lich come into view.
The destroyer is wielding a +9 vorpal great sword.
You hear a shout! x4
A bag of meat comes into view. It is wielding a +9 war axe.
You hear a shout!
The meat berserker rages.
You hear a shout!
The worldbinder hits the large bag of meat.
Flame seeps out of the large bag of meat.
The worldbinder hits the large bag of meat but does no damage.
You hear a shout!
The accursed casts a spell at you. Something smites you!
You die... ...#..oo ...#... o O ###...#.
OO oV#

#......#..O #..
.......o.o ......
..#..#.........Oo .....
......#........#. ....#
....#..@.......#.. .o.#
....3.#...#...##O.. .o.#
.#.XX..x.......o.o###...
z.#.#V..1hO35......_....
. #..#3.#M#.....#.))o.#
###.§oMo#....#_O§§_#
#X..Ox.#zO##.#.§)).#
..W..§oOxx..o°.☼o.§§§...
.#.5X..V..##)○o☼.o###...


You could see 2 accurseds, a destroyer (wandering), 2 sculptors of flesh, 3
large bags of meat, 5 meat berserkers, 10 bags of meat, a neutral Executioner
(summoned), a neutral sun demon (summoned), 2 neutral large abominations, a
neutral worldbinder (summoned), a neutral smoke demon (summoned), a neutral
neqoxec (summoned), a neutral vampire (summoned), a neutral hell hound
(summoned), 3 neutral small abominations and a neutral iron imp (summoned).

Vanquished Creatures
  4 vampire knights (D)
  18 ogres (D)
  2 two-headed ogres (D)
  A hydra (D)
  28 orcs (D)
  3 skeletal warriors (D)
56 creatures vanquished.

Notes
Turn   | Place    | Note
-------+----------+-------------------------------------------
     0 | D        | Found the +∞ Axe of Woe
     0 | D        | tygod the Palentonga Abyssal Knight began the quest for the
                  | Orb.
     0 | D        | Reached XP level 1. HP: 19/19 MP: 2/2
     0 | D        | Noticed a bag of meat
     1 | D        | Noticed a bag of meat
     1 | D        | Noticed a bag of meat
     2 | D        | Noticed a bag of meat
     3 | D        | Killed a bag of meat
     3 | D        | Noticed a meat berserker
     3 | D        | Noticed a meat berserker
     3 | D        | Noticed a meat berserker
     3 | D        | Noticed a bag of meat
     3 | D        | Noticed a bag of meat
     4 | D        | Reached XP level 2. HP: 55/55 MP: 2/8
     4 | D        | Reached XP level 3. HP: 63/63 MP: 2/10
     4 | D        | Reached XP level 4. HP: 70/70 MP: 2/11
     4 | D        | Reached XP level 5. HP: 78/78 MP: 2/13
     4 | D        | Reached XP level 6. HP: 85/85 MP: 2/14
     4 | D        | Gained mutation: You curl defensively after being hit.
                  | [Palentonga growth]
     4 | D        | Reached XP level 7. HP: 93/93 MP: 2/15
     4 | D        | Reached XP level 8. HP: 100/100 MP: 2/16
     4 | D        | Reached XP level 9. HP: 108/108 MP: 2/17
     4 | D        | Reached XP level 10. HP: 115/115 MP: 2/18
     4 | D        | Reached XP level 11. HP: 123/123 MP: 2/19
     5 | D        | Noticed a bag of meat
     6 | D        | Killed a meat berserker
     6 | D        | Reached ** piety under Lugonu
     6 | D        | Killed a meat berserker
     7 | D        | Reached skill level 27 in Fighting
     7 | D        | Reached XP level 12. HP: 147/147 MP: 2/24
     7 | D        | Reached XP level 13. HP: 155/155 MP: 2/25
     7 | D        | Reached XP level 14. HP: 163/163 MP: 2/26
     7 | D        | Killed a bag of meat
     7 | D        | Noticed a meat berserker
     8 | D        | Reached skill level 5 in Dodging
     8 | D        | Reached XP level 15. HP: 103/170 MP: 2/27
     8 | D        | Killed a meat berserker
     8 | D        | Reached *** piety under Lugonu
     9 | D        | Reached XP level 16. HP: 109/178 MP: 2/30
     9 | D        | Reached **** piety under Lugonu
    10 | D        | Reached skill level 27 in Axes
    10 | D        | Reached skill level 10 in Dodging
    10 | D        | Reached XP level 17. HP: 114/186 MP: 3/33
    10 | D        | Noticed a meat berserker
    12 | D        | Killed a meat berserker
    12 | D        | Reached ***** piety under Lugonu
    13 | D        | Reached skill level 27 in Invocations
    13 | D        | Reached XP level 18. HP: 120/194 MP: 3/35
    15 | D        | Noticed a meat berserker
    15 | D        | Noticed a meat berserker
    16 | D        | Killed a meat berserker
    17 | D        | Reached skill level 27 in Armour
    17 | D        | Killed a meat berserker
    18 | D        | Reached XP level 19. HP: 127/202 MP: 4/36
    20 | D        | Noticed a meat berserker
    21 | D        | Killed a meat berserker
    22 | D        | Reached skill level 27 in Dodging
    24 | D        | Killed a meat berserker
    24 | D        | Noticed a meat berserker
    25 | D        | Reached skill level 5 in Short Blades
    25 | D        | Reached skill level 5 in Long Blades
    25 | D        | Reached skill level 5 in Maces & Flails
    25 | D        | Reached skill level 5 in Polearms
    25 | D        | Reached skill level 5 in Staves
    25 | D        | Reached skill level 5 in Unarmed Combat
    25 | D        | Reached skill level 5 in Spellcasting
    25 | D        | Reached skill level 5 in Conjurations
    25 | D        | Reached skill level 5 in Hexes
    25 | D        | Reached skill level 5 in Necromancy
    25 | D        | Reached skill level 5 in Translocations
    25 | D        | Reached skill level 5 in Transmutations
    25 | D        | Reached skill level 5 in Earth Magic
    25 | D        | Reached skill level 5 in Evocations
    25 | D        | Reached XP level 20. HP: 134/210 MP: 2/37
    26 | D        | Noticed a meat berserker
    28 | D        | Noticed an eight-headed meat hydra
    29 | D        | Killed a meat berserker
    29 | D        | Noticed a meat berserker
    30 | D        | Reached skill level 5 in Slings
    30 | D        | Reached skill level 5 in Throwing
    30 | D        | Reached skill level 5 in Stealth
    30 | D        | Noticed a meat berserker
    31 | D        | Killed a meat berserker
    31 | D        | Reached ****** piety under Lugonu
    32 | D        | Killed a meat berserker
    32 | D        | Noticed a meat berserker
    33 | D        | Reached XP level 21. HP: 143/218 MP: 4/38
    34 | D        | Noticed a destroyer
    36 | D        | Noticed a large bag of meat
    36 | D        | Noticed a large bag of meat
    37 | D        | Reached skill level 10 in Short Blades
    37 | D        | Reached skill level 10 in Maces & Flails
    37 | D        | Reached skill level 10 in Staves
    37 | D        | Reached skill level 10 in Unarmed Combat
    37 | D        | Reached skill level 10 in Hexes
    37 | D        | Reached skill level 10 in Necromancy
    37 | D        | Reached skill level 10 in Translocations
    37 | D        | Reached skill level 10 in Transmutations
    37 | D        | Reached XP level 22. HP: 150/226 MP: 24/39
    37 | D        | Noticed a large bag of meat
    39 | D        | Reached skill level 10 in Long Blades
    39 | D        | Reached skill level 10 in Bows
    39 | D        | Reached skill level 10 in Crossbows
    39 | D        | Reached skill level 27 in Stealth
    39 | D        | Reached skill level 10 in Shields
    39 | D        | Reached skill level 10 in Summonings
    39 | D        | Reached skill level 10 in Fire Magic
    39 | D        | Reached skill level 10 in Ice Magic
    39 | D        | Reached skill level 10 in Air Magic
    39 | D        | Reached skill level 10 in Poison Magic
    39 | D        | Reached XP level 23. HP: 156/234 MP: 25/40
    39 | D        | Identified a +3 hand axe of distortion (a +1 hand axe
                  | corrupted by Lugonu)
    39 | D        | Received a gift from Lugonu
    40 | D        | Killed a large bag of meat
    40 | D        | Noticed a large bag of meat
    41 | D        | Reached skill level 10 in Slings
    41 | D        | Reached skill level 10 in Throwing
    44 | D        | Noticed an accursed
    44 | D        | Killed a destroyer
    45 | D        | Killed a large bag of meat
    45 | D        | Noticed a destroyer
    46 | D        | Reached skill level 15 in Short Blades
    46 | D        | Reached skill level 15 in Maces & Flails
    46 | D        | Reached skill level 15 in Staves
    46 | D        | Reached skill level 15 in Unarmed Combat
    46 | D        | Reached skill level 15 in Hexes
    46 | D        | Reached skill level 15 in Necromancy
    46 | D        | Reached skill level 15 in Translocations
    46 | D        | Reached skill level 15 in Transmutations
    46 | D        | Reached XP level 24. HP: 47/242 MP: 25/41
    46 | D        | Noticed an accursed
    46 | D        | Noticed a large bag of meat
    46 | D        | Noticed a destroyer
    46 | D        | Noticed a destroyer
    46 | D        | Noticed a destroyer
    47 | D        | Reached skill level 15 in Conjurations
    47 | D        | Reached skill level 15 in Earth Magic
    47 | D        | Reached skill level 15 in Evocations
    47 | D        | Killed a destroyer
    48 | D        | Reached skill level 15 in Long Blades
    48 | D        | Reached skill level 15 in Polearms
    48 | D        | Reached skill level 15 in Spellcasting
    48 | D        | Reached skill level 15 in Poison Magic
    48 | D        | Reached XP level 25. HP: 50/250 MP: 26/42
    48 | D        | Noticed a tyrant
    49 | D        | Reached skill level 15 in Bows
    49 | D        | Reached skill level 15 in Crossbows
    49 | D        | Reached skill level 15 in Shields
    49 | D        | Reached skill level 15 in Summonings
    49 | D        | Reached skill level 15 in Fire Magic
    49 | D        | Reached skill level 15 in Ice Magic
    49 | D        | Reached skill level 15 in Air Magic
    51 | D        | Reached XP level 26. HP: 61/258 MP: 26/44
    51 | D        | Killed a destroyer
    51 | D        | Killed a destroyer
    52 | D        | Reached skill level 15 in Slings
    52 | D        | Reached skill level 15 in Throwing
    52 | D        | Reached XP level 27. HP: 63/266 MP: 27/45
    52 | D        | Noticed an accursed
    53 | D        | Noticed a tyrant
    53 | D        | Noticed a destroyer
    53 | D        | Noticed an accursed
    56 | D        | Corrupted D
    56 | D        | HP: 7/266 [accursed/divine providence (9)]
    57 | D        | Noticed a large bag of meat
    57 | D        | Noticed a destroyer
    57 | D        | Noticed a tyrant
    57 | D        | Noticed a large bag of meat
    57 | D        | Killed from afar by an accursed

Illustrated notes

Levels and vault maps discovered:
D:        meatsprint

Skill      XL: |  1  2  3  4  5  6  7  8  9 10 11 12 13 14 15 16 17 18 19 20 21 22 23 24 25 26 27 |
---------------+----------------------------------------------------------------------------------+-----
Fighting       | 20 27 | 27.0
Axes           | 12 19 20 25 27 | 27.0
Armour         | 9 13 14 17 20 25 27 | 27.0
Dodging        | 3 4 5 7 10 13 23 27 | 27.0
Invocations    | 11 16 17 20 24 27 | 27.0
Short Blades   | 5 8 10 12 15 17 18 19 20 | 20.1
Long Blades    | 5 8 9 10 13 15 17 18 19 | 19.3
Maces & Flails | 5 8 10 12 15 17 18 19 20 | 20.1
Polearms       | 5 8 9 11 14 15 17 18 | 18.7
Staves         | 5 8 10 12 15 17 18 19 20 | 20.2
Slings         | 4 6 7 9 12 13 14 15 16 | 16.1
Bows           | 4 7 8 10 13 14 15 16 17 | 17.3
Crossbows      | 4 7 8 10 13 14 15 17 | 17.4
Throwing       | 4 6 7 9 12 13 14 15 16 | 16.1
Stealth        | 4 18 24 27 | 27.0
Shields        | 4 7 8 10 13 14 15 16 17 | 17.3
Unarmed Combat | 5 8 10 12 15 17 18 19 20 | 20.1
Spellcasting   | 5 8 9 11 14 15 17 18 | 18.6
Conjurations   | 5 8 9 11 14 16 18 19 | 19.9
Hexes          | 5 8 10 12 15 17 18 19 20 | 20.1
Summonings     | 4 7 8 10 13 14 16 17 | 17.4
Necromancy     | 5 8 10 12 15 16 18 19 20 | 20.0
Translocations | 5 8 10 12 15 16 18 19 20 | 20.0
Transmutations | 5 8 10 12 15 17 18 19 20 | 20.0
Fire Magic     | 4 7 8 10 13 14 16 17 | 17.4
Ice Magic      | 4 7 8 10 13 14 15 17 | 17.4
Air Magic      | 4 7 8 10 13 14 15 16 17 | 17.3
Earth Magic    | 5 8 9 11 14 16 18 19 | 19.9
Poison Magic   | 4 7 8 10 13 15 16 18 | 18.6
Evocations     | 5 8 9 11 14 16 18 19 | 19.9

Action                   |  1- 3 |  4- 6 |  7- 9 | 10-12 | 13-15 | 16-18 | 19-21 | 22-24 | 25-27 || total
-------------------------+-------+-------+-------+-------+-------+-------+-------+-------+-------++-------
Melee: Executioner's axe |     1 |       |       |     1 |     2 |     5 |     9 |     8 |     6 ||    32
Invok: Banish            |       |       |       |       |       |       |     1 |       |       ||     1
       Bend Space        |       |       |       |       |       |       |       |     1 |     1 ||     2
       Brand Weapon With |       |       |       |       |       |       |       |     1 |       ||     1
       Corrupt           |       |       |       |       |       |       |       |       |     1 ||     1
 Abil: Rolling Charge    |       |       |       |       |       |     1 |       |     1 |       ||     2
  Use: Potion            |       |       |       |       |       |       |     1 |       |     1 ||     2
       Scroll            |       |       |       |       |       |       |       |       |     1 ||     1

Table legend: (Time is in decaauts)
 A = Elapsed time spent in this place.
 B = Non-inter-level travel time spent in this place.
 C = Inter-level travel time spent in this place.
 D = Time resting spent in this place.
 E = Time spent auto-exploring this place.
 F = Levels seen in this place.
 G = Mean time per level.
                   A        B        C        D        E       F      G
               +--------+--------+--------+--------+--------+-----+--------+
         Total |     50 |     50 |      0 |      0 |      0 |   1 |   50.0 |
       Dungeon |     50 |     50 |      0 |      0 |      0 |   1 |   50.0 |
               +--------+--------+--------+--------+--------+-----+--------+

Top non-repeatable levels by time:
       D: 50 daAuts
